 Dungeon Crawl Stone Soup version 0.32-a0-938-g40ac7a0f4d (webtiles) character file.

Game seed: 8574127220378894709

4 zazu2006 the Blocker (level 1, 0/13 HPs)
             Began as a Gnoll Wanderer on Apr 15, 2024.
             Slain by an adder (1 damage)
             ... on level 2 of the Dungeon.
             The game lasted 00:00:39 (108 turns).

zazu2006 the Blocker (Gnoll Wanderer)                Turns: 108, Time: 00:00:40

Health: 0/13       AC:  2    Str: 10    XL:     1   Next: 70%
Magic:  0/4        EV:  9    Int: 11    God:
Gold:   18         SH:  7    Dex: 12    Spells: 4/5 levels left

rFire   . . .        a - +0 dagger
rCold   . . .        e - +2 buckler
rNeg    . . .        d - +0 robe
rPois   .            (no helmet)
rElec   .            (no cloak)
rCorr   .            (no gloves)
SInv    .            (no boots)
Will    .....        (no amulet)
Stlth   +            (no ring)
HPRegen 0.22/turn    (no ring)
MPRegen 0.09/turn

%: no passive effects
@: no status effects
A: fangs 1, strong nose, distributed training
a: no special abilities


You were on level 2 of the Dungeon.
You visited 1 branch of the dungeon, and saw 2 of its levels.

You collected 18 gold pieces.

Inventory:

Hand Weapons
 a - a +0 dagger (weapon)
Armour
 d - a +0 robe (worn)
 e - a +2 buckler (worn)
Wands
 b - a wand of flame (7)
Scrolls
 c - a scroll of silence


   Skills:
 + Level 0.1 Fighting
 + Level 0.1 Short Blades
 + Level 0.1 Long Blades
 + Level 0.1 Axes
 + Level 0.1 Maces & Flails
 + Level 0.1 Polearms
 + Level 0.1 Staves
 + Level 0.1 Ranged Weapons
 + Level 0.1 Throwing
 + Level 0.1 Armour
 + Level 0.1 Dodging
 + Level 0.1 Stealth
 + Level 8.4 Shields
 + Level 0.1 Unarmed Combat
 + Level 2.6 Spellcasting
 + Level 0.1 Conjurations
 + Level 0.1 Hexes
 + Level 0.1 Summonings
 + Level 5.3 Necromancy
 + Level 0.1 Translocations
 + Level 0.1 Fire Magic
 + Level 0.1 Ice Magic
 + Level 0.1 Air Magic
 + Level 0.1 Earth Magic
 + Level 0.1 Alchemy
 + Level 2.4 Invocations
 + Level 2.4 Evocations
 + Level 0.1 Shapeshifting


You had 4 spell levels left.
You knew the following spells:

 Your Spells              Type           Power      Damage    Failure   Level
a - Necrotise             Necr           52%        1d6       4%          1

Your spell library contained the following spells:

 Spells                   Type           Power      Damage    Failure   Level
 Vampiric Draining        Necr           13%        2d6       12%         3


Dungeon Overview and Level Annotations

Branches:
Dungeon (2/15)

Altars:


Innate Abilities, Weirdness & Mutations

You have very sharp teeth.
Your uncanny sense of smell can sniff out nearby items.
Your experience applies equally to all skills.


Message History

You block the adder's attack.
Your hobgoblin skeleton closely misses the goblin.
The quokka barely misses you.
Casting: Necrotise (safe; 4% risk of failure)
Confirm with . or Enter, or press ? or * to list all spells.
Aiming: Necrotise (safe; 4% risk of failure)
Press: ? - help, Shift-Dir - straight line, f - goblin, p - adder
Aim: a goblin, wielding a +0 dagger (heavily wounded, not watching you, ally target, chance to affect: 83%)
The goblin writhes in agony.
You kill the goblin!
The dead are walking!
You block the adder's attack. The quokka bites you.
Your hobgoblin skeleton hits the adder.
You barely miss the adder.
The adder is moderately wounded.
The adder misses you. The quokka closely misses you.
Your rat skeleton bites the quokka.
Unknown command.
Casting: Necrotise (safe; 4% risk of failure)
Confirm with . or Enter, or press ? or * to list all spells.
Aiming: Necrotise (safe; 4% risk of failure)
Press: ? - help, Shift-Dir - straight line, f - quokka
Aim: a quokka (heavily wounded, ally target, chance to affect: 83%)
The quokka barely resists.
The adder barely misses you.
The quokka bites you but does no damage.
Your hobgoblin skeleton barely misses the adder.
A bat comes into view.
You block the adder's attack. The quokka barely misses you.
Your rat skeleton closely misses the quokka.
You block the quokka's attack. The adder attacks as it pursues you!
The adder barely misses you.
Your rat skeleton misses the quokka.
Your goblin skeleton closely misses the quokka.
You block the quokka's attack.
You hit the adder but do no damage. Your bite misses the adder.
The adder is moderately wounded.
The adder bites you.
Your rat skeleton misses the quokka.
The quokka bites you.
* * * LOW HITPOINT WARNING * * *
Your goblin skeleton barely misses the quokka.
The adder bites you.
You die...

#. .##∆ ... #..
.. ... #...#.
..##.#
#..#.####...#.#
#............
#..........# .
#..........#..
#....@....)...
#...ZrS.......
#...ZZ<.....#.
#...........#
#..........$..
#......=......
...######....#.
.... ....# ...
###...


You could see an adder (ally target), a quokka (ally target), a friendly rat
skeleton, a friendly goblin skeleton and a friendly hobgoblin skeleton.

Vanquished Creatures
  A goblin (D:2)
  A hobgoblin (D:2)
  A kobold (D:1)
  A rat (D:2)
4 creatures vanquished.

Notes
Turn   | Place    | Note
-------+----------+-------------------------------------------
     0 | D:1      | zazu2006 the Gnoll Wanderer began the quest for the Orb.
     0 | D:1      | zazu2006 set off with the following items: a +0 dagger, a
                  | wand of flame (7), a scroll of silence, a +0 robe, a +2
                  | buckler; and the following spell memorised: Necrotise; and
                  | the following spells available to memorise: Vampiric
                  | Draining.
     0 | D:1      | Reached XP level 1. HP: 13/13 MP: 4/4
   108 | D:2      | Slain by an adder

Illustrated notes

Levels and vault maps discovered:
D:1:      dpeg_arrival_arbitrary_a, layout_loops_cross, minmay_misc_feat_rugged,
          grunt_decor_one_mirror, minmay_pentomino_s4
D:2:      layout_rooms, nicolae_ecumenical_snake_handling,
          kennysheep_flooded_box

Action                     || total
---------------------------++-------
  Melee: Dagger            ||     8
   Cast: Necrotise         ||     6
 Armour: Robe              ||    10
  Dodge: Dodged            ||     7
  Block: Buckler           ||     6

Table legend: (Time is in decaauts)
 A = Elapsed time spent in this place.
 B = Non-inter-level travel time spent in this place.
 C = Inter-level travel time spent in this place.
 D = Time resting spent in this place.
 E = Time spent auto-exploring this place.
 F = Levels seen in this place.
 G = Mean time per level.
                   A        B        C        D        E       F      G
               +--------+--------+--------+--------+--------+-----+--------+
         Total |    108 |    108 |      0 |      0 |     64 |   2 |   54.0 |
       Dungeon |    108 |    108 |      0 |      0 |     64 |   2 |   54.0 |
               +--------+--------+--------+--------+--------+-----+--------+

Top non-repeatable levels by time:
     D:1: 93 daAuts
     D:2: 14 daAuts
